 Dungeon Crawl Stone Soup version 0.28.0-53-g5a82cb258f (webtiles) character file.

Game seed: 13851402048839559800

2 ILmort the Chiller (level 1, -4/13 HPs)
             Began as a Merfolk Ice Elementalist on Aug 18, 2022.
             Slain by a kobold
             ... wielding a +0 whip
              (5 damage)
             ... on level 1 of the Dungeon.
             The game lasted 00:01:08 (148 turns).

ILmort the Chiller (Merfolk Ice Elementalist)        Turns: 148, Time: 00:01:09

Health: -4/13      AC:  2    Str:  8    XL:     1   Next: 40%
Magic:  0/3        EV: 12    Int: 14    God:
Gold:   15         SH:  0    Dex: 14    Spells: 3/4 levels left

rFire   . . .      SeeInvis .   (no weapon)
rCold   . . .      Faith    .   (no shield)
rNeg    . . .      Spirit   .   a - +0 robe
rPois   .          Reflect  .   (no helmet)
rElec   .          Harm     .   (no cloak)
rCorr   .          Rampage  .   (no gloves)
Will    .....                   (no boots)
Stlth   ++........              (no amulet)
HPRegen 0.04/turn               (no ring)
MPRegen 0.08/turn               (no ring)

@: no status effects
A: (nimble swimmer 2), mertail
a: no special abilities


You were on level 1 of the Dungeon.
You visited 1 branch of the dungeon, and saw 1 of its levels.

You collected 15 gold pieces.

Inventory:

Armour
 a - a +0 robe (worn)
Scrolls
 b - a scroll of enchant armour {unknown}


   Skills:
 - Level 2.7 Dodging
 - Level 2.2 Stealth
 + Level 2.0 Spellcasting
 + Level 4.4 Ice Magic


You had 3 spell levels left.
You knew the following spells:

 Your Spells              Type           Power      Damage    Failure   Level
a - Freeze                Ice            52%        1d7       3%          1

Your spell library contained the following spells:

 Spells                   Type           Power      Damage    Failure   Level
 Frozen Ramparts          Ice            26%        1d4       12%         3
 Ozocubu's Armour         Ice            13%        N/A       12%         3
 Hailstorm                Conj/Ice       7%         3d4       67%         4


Dungeon Overview and Level Annotations

Branches:
Dungeon (1/15)

Altars:


Innate Abilities, Weirdness & Mutations

((You are very nimble when in or above water. (Stealth+, EV+, Speed+++)))
Your lower body shifts to a powerful aquatic tail in water.


Message History

A kobold and a goblin come into view.
An endoplasm comes into view.
Found a stone staircase leading down.
Casting: Freeze (safe; 4% risk of failure)
You can't see any susceptible monsters within range! (Use Z to cast anyway.)
Casting: Freeze (safe; 4% risk of failure)
You don't know that spell.
Okay, then.
The goblin shouts!
The endoplasm quivers.
An endoplasm comes into view.
The endoplasm closely misses you.
Casting: Freeze (safe; 4% risk of failure)
Aiming: Freeze (safe; 4% risk of failure)
Aim: an endoplasm You freeze the endoplasm.
The kobold shouts!
The endoplasm hits you.
Casting: Freeze (safe; 4% risk of failure)
Aiming: Freeze (safe; 4% risk of failure)
Aim: an endoplasm (heavily wounded)
You freeze the endoplasm. The goblin hits you with a +0 dagger.
A rat comes into view.
The endoplasm freezes you.
You are frozen.
Casting: Freeze (safe; 4% risk of failure)
Aiming: Freeze (safe; 4% risk of failure)
Aim: an endoplasm (almost dead)
You freeze the endoplasm.
You kill the endoplasm!
The goblin hits you with a +0 dagger.
Casting: Freeze (safe; 3% risk of failure)
You don't have enough magic to cast this spell.
Unknown command.
You hit the kobold but do no damage. The kobold hits you with a +0 whip.
* * * LOW HITPOINT WARNING * * *
The goblin hits you with a +0 dagger.
* * * LOW HITPOINT WARNING * * *
You hit the kobold. The kobold hits you with a +0 whip.
You die...

#...# ..#...# #.#
...# #####....#
#.####...# # ###..
#........# ### #
#..#....> ##>##
#...J..#
#...###### #.....#
..........
#.#g.###..
..⌠.......
#.@K...r..#
..........
#.#######..
#...#####
#.........#
##'#####
#..........
.......#
#........#
..<..♣..#
#..#######
.......## ##.#
################.#
.................#


You could see an endoplasm, a goblin, a kobold and a rat.

Vanquished Creatures
  An endoplasm (D:1)
  A hobgoblin (D:1)
2 creatures vanquished.

Notes
Turn   | Place    | Note
-------+----------+-------------------------------------------
     0 | D:1      | ILmort the Merfolk Ice Elementalist began the quest for the
                  | Orb.
     0 | D:1      | Reached XP level 1. HP: 13/13 MP: 3/3
   148 | D:1      | Slain by a kobold

Illustrated notes

Levels and vault maps discovered:
D:1:      minmay_arrival_split_and_join, layout_basic

Action                   || total
-------------------------++-------
Melee: Unarmed           ||     2
 Cast: Freeze            ||     4
Dodge: Dodged            ||     1
